 Dungeon Crawl Stone Soup version 0.31-a0-188-g5e087ee2ca (webtiles) character file.

Game seed: 12873775142696167724

2 qw the Shooter (level 1, -2/12 HPs)
             Began as a Deep Elf Hunter on June 23, 2023.
             Succumbed to their own poison gas
             ... on level 2 of the Dungeon.
             The game lasted 00:00:01 (52 turns).

qw the Shooter (Deep Elf Hunter)                      Turns: 52, Time: 00:00:02

Health: -2/12      AC:  3    Str:  8    XL:     1   Next: 33%
Magic:  3/3        EV: 12    Int: 13    God:
Gold:   6          SH:  0    Dex: 18    Spells: 0/0 levels left

rFire   . . .        Y - +0 shortbow
rCold   . . .        (shield currently unavailable)
rNeg    . . .        c - +0 leather armour
rPois   .            (no helmet)
rElec   .            (no cloak)
rCorr   .            (no gloves)
SInv    .            (no boots)
Will    .....        (no amulet)
Stlth   ++           (no ring)
HPRegen 0.22/turn    (no ring)
MPRegen 0.08/turn

%: no passive effects
@: lethally poisoned (-2 -> -13)
A: no striking features
a: no special abilities


You were on level 2 of the Dungeon.
You visited 1 branch of the dungeon, and saw 2 of its levels.

You collected 6 gold pieces.


   Skills:
 - Level 1.5 Fighting
 + Level 5.5 Ranged Weapons
 - Level 2.4 Dodging
 - Level 1.2 Stealth


You couldn't memorise any spells.
You didn't know any spells.
Your spell library was empty.

Inventory:

Hand Weapons
 Y - a +0 shortbow (weapon)
Armour
 c - a +0 leather armour (worn)
Potions
 d - a potion of heal wounds {unknown}

Dungeon Overview and Level Annotations

Branches:
Dungeon (2/15)

Altars:


Message History

If you return without finding the Orb of Zot, so far below, it's all over!
Press ? for a list of commands and other information.
Found a staircase leading out of the dungeon.
Options error: Missing colour in message_colour setting: 'then' x2
Waypoint 0 assigned to D:1.
0 ||| PLANNING D:1-11 A hobgoblin comes into view.
Found a fuming cyan potion.
The hobgoblin shouts!
You shoot an arrow. The arrow hits the hobgoblin!
You kill the hobgoblin!
Found 5 stones.
d - a fuming cyan potion You now have 6 gold pieces.
e - 2 scrolls labelled YDOOSU INLU A sourceless malevolence fills the Dungeon...
You fall into a shaft and drop 1 floor!
The shaft crumbles and collapses.
Found a hand axe.
Waypoint 1 assigned to D:2.
A goblin comes into view. It is wielding a +0 club.
You shoot an arrow. The arrow hits the goblin!
You kill the goblin!
Found a stone staircase leading up.
48 ||| READING 2 scrolls labelled YDOOSU INLU.
The air fills with toxic fumes!
As you read the scroll labelled YDOOSU INLU, it crumbles to dust.
It was a scroll of poison.
49 ||| DROPPING scroll of poison.
You drop a scroll of poison.
50 ||| DROPPING scroll of butterflies.
You drop a scroll of butterflies.
(D) Dungeon
Where to? (* - list waypoints, ? - help)
What level of the Dungeon? (default 1, ? - help) Sorry, I don't know how to get there.
Really walk into that cloud of poison gas?
A goblin comes into view. It is wielding a +0 dagger.
You are engulfed in poison gas.
You are lethally poisoned!
Ouch! That really hurt!
You feel very sick.
52 ||| Stepping ~*~*~tactically~*~*~ (cloud).
You die...

#.#.# #.#.#
#¤#.# #
#¤#.#####)#.#
#¤#.#¤¤¤.....
#¤#.¤¤¤...#.#
#¤#¤¤¤......#
##¤¤¤#####....
#@¤¤## ##.
#¤¤¤# #¤¤¤#
#¤¤¤¤¤
#¤¤¤#¤¤g
#¤¤¤#¤¤¤¤#
#¤¤¤# ¤¤¤.
###¤¤ #### #.


There were no monsters in sight!

Vanquished Creatures
  A goblin (D:2)
  A hobgoblin (D:1)
2 creatures vanquished.

Notes
Turn   | Place    | Note
-------+----------+-------------------------------------------
     0 | D:1      | qw the Deep Elf Hunter began the quest for the Orb.
     0 | D:1      | Reached XP level 1. HP: 12/12 MP: 3/3
     0 | D:1      | 0 ||| qw: Version: 0.3-a-9-g12657ce
     0 | D:1      | 0 ||| qw: Game counter: 3657
     0 | D:1      | 0 ||| qw: Always use a shield: true
     0 | D:1      | 0 ||| qw: God list: Okawaru
     0 | D:1      | 0 ||| qw: Allow faded altars: false
     0 | D:1      | 0 ||| qw: Do Orc after D:15 true
     0 | D:1      | 0 ||| qw: Do second Lair branch before Depths: true
     0 | D:1      | 0 ||| qw: Lair rune preference: random
     0 | D:1      | 0 ||| qw: Plans: Normal
     0 | D:1      | 0 ||| PLANNING D:1-11
    36 | D:1      | You fall into a shaft and drop 1 floor!
    48 | D:2      | 48 ||| READING 2 scrolls labelled YDOOSU INLU.
    49 | D:2      | 49 ||| DROPPING scroll of poison.
    50 | D:2      | 50 ||| DROPPING scroll of butterflies.
    51 | D:2      | HP: 1/12 [poisoned by you (poison gas)]
    52 | D:2      | 52 ||| Stepping ~*~*~tactically~*~*~ (cloud).
    52 | D:2      | Succumbed to their own poison gas

Levels and vault maps discovered:
D:1:      zelgadis_glass_arrival_small, layout_loops_ring, minmay_tiny_reverse_x
D:2:      layout_basic, nicolae_ecumenical_pavilion, basic_altar,
          minmay_heptomino_l4

Action                     || total
---------------------------++-------
   Fire: Shortbow          ||     2
    Use: Scroll            ||     1

Table legend:
 A = Non-vault XP
 B = Vault XP
 C = Vault XP percentage of total XP
 D = Non-vault monster count
 E = Vault monster count
 F = Vault count percentage of total count
                 A         B        C        D         E       F
            +---------+---------+-------+---------+---------+-------
      Total |       4 |       0 |   0.0 |       2 |       0 |   0.0
            +---------+---------+-------+---------+---------+-------
        D:1 |       2 |       0 |   0.0 |       1 |       0 |   0.0
        D:2 |       2 |       0 |   0.0 |       1 |       0 |   0.0
            +---------+---------+-------+---------+---------+-------
